 Dungeon Crawl Stone Soup version 0.30-a0-782-ge64f9170bb (webtiles) character file.

Game seed: 8367217166378608088

57 Dirtsage the Chopper (level 3, -2/29 HPs)
             Began as a Demonspawn Fighter on Mar 15, 2023.
             Slain by Terence
             ... wielding a +0 falchion
              (4 damage)
             ... on level 3 of the Dungeon.
             The game lasted 00:03:11 (1889 turns).

Dirtsage the Chopper (Demonspawn Fighter)           Turns: 1889, Time: 00:03:11

Health: -2/29      AC:  6    Str: 18    XL:     3   Next: 73%
Magic:  3/3        EV:  9    Int:  9    God:
Gold:   87         SH:  4    Dex: 12    Spells: 2/2 levels left

rFire   . . .      SeeInvis .    a - +0 war axe
rCold   . . .      Faith    .    c - +0 buckler
rNeg    . . .      Spirit   .    b - +0 scale mail
rPois   .          Reflect  .    (no helmet)
rElec   .          Harm     .    (no cloak)
rCorr   .          Rampage  .    (no gloves)
Will    .....                    (no boots) Stlth
                                 (no amulet)
HPRegen 0.24/turn                (no ring)
MPRegen 0.08/turn                (no ring)

@: no status effects
A: powered by pain 1
a: no special abilities


You were on level 3 of the Dungeon.
You visited 1 branch of the dungeon, and saw 3 of its levels.

You collected 87 gold pieces.

Inventory:

Hand Weapons
 a - a +0 war axe (weapon)
Armour
 b - a +0 scale mail (worn)
 c - a +0 buckler (worn)
Jewellery
 C - a ring of resist corrosion
Scrolls
 f - a scroll of identify {unknown}
 h - a scroll of brand weapon {unknown}
Potions
 d - 2 potions of might
 e - a potion of brilliance {unknown}
 g - 3 potions of curing {unknown}
 i - a potion of attraction {unknown}
 j - a potion of lignification {unknown}
 k - a potion of ambrosia {unknown}


   Skills:
 - Level 3.0 Fighting
 + Level 3.7 Axes
 - Level 2.6 Armour
 - Level 2.6 Shields


You had 2 spell levels left.
You didn't know any spells.
Your spell library was empty.

Dungeon Overview and Level Annotations

Branches:
Dungeon (3/15)

Altars:

Annotations:
D:3 Terence


Innate Abilities, Weirdness & Mutations

You sometimes gain a little power by taking damage.


Message History

Unknown command.
You have nothing you can fire or use right now.
Unknown command.
A goblin comes into view. It is wielding a +0 club.
You closely miss Terence.
The goblin shouts!
Terence hits you with a +0 falchion. x2
You take 12 damage, and have 17/29 hp.
MASSIVE DAMAGE!!
You slash Terence!
Terence is heavily wounded.
Terence hits you with a +0 falchion.
You take 4 damage, and have 13/29 hp.
You barely miss Terence.
Terence is heavily wounded.
Terence closely misses you.
You closely miss Terence.
Terence is heavily wounded.
Terence closely misses you. Terence hits you with a +0 falchion!
* * * LOW HITPOINT WARNING * * *
You take 8 damage, and have 6/29 hp.
MASSIVE DAMAGE!!
You barely miss Terence.
Terence is moderately wounded.
You closely miss the goblin. Terence hits you with a +0 falchion.
* * * LOW HITPOINT WARNING * * *
The goblin barely misses you.
You take 5 damage, and have 1/29 hp.
You hit Terence but do no damage.
Terence is moderately wounded.
You closely miss the goblin. Terence barely misses you.
The goblin hits you but does no damage. x2; Terence barely misses you.
You barely miss Terence.
Terence is moderately wounded.
You barely miss the goblin. Terence hits you but does no damage.
You block the goblin's attack.
You barely miss Terence.
Terence is moderately wounded.
You hit the goblin.
You kill the goblin!
Terence hits you with a +0 falchion.
You die...

)...<##......#.#.........###.#.#
##..########.#.#########.......#
#..# #.#.##### ######.## #..#
#.......#########..# #...
#.#.#.#........##.## #####
#.#.#.########.....#
#.....###....#.....#
#.......#.##.#.....# #.#.#@###.
.#.....#.# # #.#)@.#. .#######.#
....#.#. .# ...# ......... ..
#### #...... ... #.....####.#
#...... .# #.#.#.# .


You could see Terence.

Vanquished Creatures
  3 dart slugs
  5 bats
  3 endoplasms
  A giant cockroach (D:1)
  6 goblins
  5 hobgoblins
  4 jackals (D:2)
  7 kobolds
  A quokka (D:1)
  4 ball pythons
  6 rats
45 creatures vanquished.

Vanquished Creatures (others)
  9 plants (D:2)
9 creatures vanquished.

Grand Total: 54 creatures vanquished

Notes
Turn   | Place    | Note
-------+----------+-------------------------------------------
     0 | D:1      | Dirtsage the Demonspawn Fighter began the quest for the
                  | Orb.
     0 | D:1      | Reached XP level 1. HP: 18/18 MP: 1/1
   146 | D:1      | Gained mutation: You sometimes gain a little power by
                  | taking damage. [demonic ancestry]
   146 | D:1      | Reached XP level 2. HP: 24/24 MP: 2/2
   893 | D:2      | Reached XP level 3. HP: 21/29 MP: 3/3
  1878 | D:3      | Noticed Terence
  1886 | D:3      | HP: 1/29 [Terence/+0 falchion (5)]
  1889 | D:3      | Slain by Terence

Illustrated notes

Levels and vault maps discovered:
D:1:      wander_arrival_peaceful_grave, layout_loops_corners,
          amcnicky_mini_pool_small, chequers_serial_rivers_small_b
D:2:      layout_basic, serial_bayou, serial_bayou_lagoon_a,
          serial_bayou_pond_a, serial_bayou_shore_a, serial_bayou_pond_b,
          serial_bayou_crossing, serial_bayou_pond_d
D:3:      layout_basic, serial_co_window_serial, co_window_paths_a,
          co_window_corner_a, co_window_corner_a, co_window_paths_a,
          co_window_paths_a, co_window_corner_b, co_window_of_opportunity_b,
          co_window_cross_3, co_window_broadway_c, co_window_broadway_c,
          glass_columns_a, glass_columns_c, glass_columns_c, glass_columns_b,
          glass_columns_b, nrook_mini_vaults, kennysheep_generic_room_11,
          uniq_terence

Skill      XL: |  1  2 |
---------------+-------+-----
Axes           | 2 3 |  3.7
Fighting       | |  3.0
Armour         | |  2.6
Shields        | |  2.6

Action                     || total
---------------------------++-------
  Melee: War axe           ||   123
 Armour: Scale mail        ||    53
  Dodge: Dodged            ||    59
  Block: Buckler           ||    22

Table legend: (Time is in decaauts)
 A = Elapsed time spent in this place.
 B = Non-inter-level travel time spent in this place.
 C = Inter-level travel time spent in this place.
 D = Time resting spent in this place.
 E = Time spent auto-exploring this place.
 F = Levels seen in this place.
 G = Mean time per level.
                   A        B        C        D        E       F      G
               +--------+--------+--------+--------+--------+-----+--------+
         Total |   1967 |   1941 |     26 |      0 |   1641 |   3 |  655.7 |
       Dungeon |   1967 |   1941 |     26 |      0 |   1641 |   3 |  655.7 |
               +--------+--------+--------+--------+--------+-----+--------+

Top non-repeatable levels by time:
     D:2: 933 daAuts
     D:1: 888 daAuts
     D:3: 145 daAuts
